Map: Automaton LE

Players

NtStreamline

  • Race: Terran Terran
  • Spawn Location: 3:00

HaPe - Winner!

  • Race: Protoss Protoss
  • Spawn Location: 9:00

Event: 2019 WCS Spring

VOD

Have the link to the VOD?

Description

Time

  • Played on: May 17, 2019, 7:13 a.m.
  • Length: 6:29

All games in this series

Show
View Real Time Build Order
Export as new Build Order

NtStreamline Terran 

Build Orders: Liberator Opening 

Get SALT Encoding   

  12  0:00  SCV  
  13  0:12  SCV  
  14  0:18  Supply Depot  
  14  0:24  SCV  
  15  0:30  Refinery  
  15  0:40  SCV  
  16  0:46  Barracks  
  16  0:52  SCV  
  17  0:58  Refinery  
  17  1:04  SCV  
  18  1:16  SCV  
  19  1:28  Supply Depot  
  19  1:36  Marine  
  19  1:37  Orbital Command  
  20  1:51  Factory  
  20  1:57  Barracks Reactor  
  20  2:03  SCV  
  21  2:16  SCV  
  22  2:28  SCV  
  23  2:34  Marine x2  
  23  2:35  Starport  
  23  2:36  Widow Mine  
  27  2:40  SCV  
  27  2:44  Supply Depot  
  28  2:52  SCV, Marine x2  
  34  3:06  Supply Depot, Widow Mine  
  34  3:11  Medivac  
  36  3:14  Marine  
  36  3:15  Marine  
  37  3:27  Liberator, Factory Tech Lab  
  37  3:30  Supply Depot  
  37  3:32  Marine x2  
  39  3:48  Siege Tank  
  45  3:50  Marine x2  
  47  3:56  Supply Depot  
  47  4:08  Marine x2  
  36  4:10  Liberator  
  49  4:20  Siege Tank  
  52  4:25  Supply Depot  
  52  4:26  Marine  
  52  4:28  Marine  
  58  4:44  Marine  
  58  4:45  Marine  
  58  4:52  Liberator  
  59  4:59  Siege Tank  
  62  5:01  Supply Depot, Marine  
  62  5:03  Marine  
  66  5:19  Marine  
  66  5:21  Marine  
  65  5:31  Siege Tank  
  60  5:37  Marine  
  60  5:39  Marine  
  58  5:55  Marine  
  58  5:57  Marine  
Show
View Real Time Build Order
Export as new Build Order

HaPe Protoss - Winner!

Build Orders: 1 Gate Expand, Blink Stalkers 

Get SALT Encoding   

  12  0:01  Probe  
  13  0:13  Probe  
  14  0:18  Pylon  
  14  0:25  Probe  
  15  0:38  Gateway  
  15  0:39  Probe  
  16  0:45  Assimilator  
  16  0:47  Probe  
  16  0:55  Probe  
  18  1:11  Probe  
  19  1:23  Probe  
  20  1:26  Cybernetics Core  
  20  1:36  Nexus  
  20  1:43  Pylon  
  20  1:49  Assimilator  
  20  1:51  Probe  
  20  2:02  Probe  
  20  2:06  Stalker  
  23  2:10  Probe  
  23  2:11  Warp Gate  
  24  2:19  Probe  
  25  2:30  Probe  
  26  2:38  Twilight Council  
  26  2:42  Probe, Blink  
  27  2:51  Probe  
  28  2:53  Stalker  
  28  2:54  Probe  
  31  3:03  Probe  
  32  3:12  Shield Battery  
  32  3:17  Probe  
  32  3:18  Probe  
  34  3:29  Probe  
  34  3:30  Probe  
  34  3:31  Pylon  
  36  3:42  Gateway x2  
  36  3:50  Probe x2  
  38  4:01  Gateway  
  38  4:02  Stalker, Probe  
  41  4:04  Probe  
  42  4:10  Robotics Facility  
  42  4:24  Pylon  
  42  4:26  Stalker  
  44  4:37  Pylon  
  44  4:38  Stalker x2  
  48  4:47  Warp Prism  
  48  4:52  Stalker  
  50  4:59  Stalker  
  54  5:02  Stalker x2  
  52  5:23  Immortal  
  52  5:25  Zealot x4  
  52  5:28  Pylon  
  60  5:46  Zealot x4  
  66  6:07  Stalker, Zealot x3  
  70  6:14  Probe x2  
Tags
 
Add a new tag
Caveats
  • Supply blocks, unpowered buildings, or Contaminate may cause inaccurate times.
  • Supply counts are checked every 10 seconds.